 Dungeon Crawl Stone Soup version 0.22.1-2-g9c5b331 (webtiles) character file.

13367 Malhgor the Thaumaturge (level 12, -12/89 HPs)
             Began as a Gnoll Wizard on Dec 2, 2018.
             Was a High Priest of Ashenzari.
             Mangled by a sun demon (20 damage)
             ... summoned by an obsidian statue
             ... in a volcano.
             The game lasted 01:38:19 (18388 turns).

Malhgor the Thaumaturge (Gnoll Wizard)             Turns: 18388, Time: 01:38:20

Health: -12/89     AC:  8    Str:  9    XL:     12   Next: 5%
Magic:  0/25       EV: 20    Int: 25    God:    Ashenzari [*****.]
Gold:   911        SH:  6    Dex: 15    Spells: 6/30 levels left

rFire    + + .     SeeInvis +   D - staff of fire (curse)
rCold    + . .     Gourm    .   L - +0 buckler
rNeg     . . .     Faith    .   y - +2 robe {rC+ rF+} (curse)
rPois    .         Spirit   +   M - +1 hat (curse)
rElec    .         Reflect  .   s - +2 cloak (curse)
rCorr    .         Harm     .   (no gloves)
MR       +....     Clarity  +   (no boots)
Stlth    ++++......             l - amulet of guardian spirit
HPRegen  0.24/turn              k - ring of attention (curse)
MPRegen  0.19/turn              J - ring of protection from magic (curse)

@: no status effects
A: distributed training, fangs 1, strong nose
a: Curse Item, Scrying, Renounce Religion


You were in a volcano.
You worshipped Ashenzari.
Ashenzari was extremely pleased with you.
You were not hungry.

You visited 3 branches of the dungeon, and saw 16 of its levels.
You also visited: Sewer and Volcano.

You collected 911 gold pieces.

Inventory:

Hand Weapons
 r - a +0 hand axe of venom
 t - a +1 whip of flaming
Armour
 s - a cursed +2 cloak (worn)
 y - a cursed +2 robe of resistance (worn)
 L - a +0 buckler (worn)
 M - a cursed +1 hat (worn)
Magical Staves
 b - an uncursed staff of conjuration
 D - a cursed staff of fire (weapon)
Jewellery
 k - a cursed ring of attention (left hand)
 l - an amulet of guardian spirit (around neck)
 A - an uncursed ring of stealth
 J - a cursed ring of protection from magic (right hand)
 N - an uncursed amulet of the acrobat
 R - a +6 amulet of reflection
 W - an uncursed ring of resist corrosion
Wands
 i - a wand of digging (24)
 B - a wand of enslavement (19)
 E - a wand of flame (24)
 Q - a wand of random effects (22)
 S - a wand of iceblast (14)
 T - a wand of disintegration (17)
Scrolls
 a - a scroll of enchant armour
 f - 3 scrolls of enchant weapon
 g - 2 scrolls of amnesia
 h - 11 scrolls of teleportation
 j - a scroll of immolation
 m - 8 scrolls of remove curse
 z - 3 scrolls of magic mapping
 C - a scroll of fear
 F - a scroll of fog
 G - a scroll of blinking
Potions
 c - 5 potions of lignification {unknown}
 e - 8 potions of flight
 n - 2 potions of brilliance {unknown}
 o - 5 potions of curing {unknown}
 p - 3 potions of might {unknown}
 q - a potion of cancellation {unknown}
 u - 4 potions of heal wounds
 v - a potion of ambrosia {unknown}
 w - 2 potions of magic {unknown}
 x - 4 potions of mutation {unknown}
 H - a potion of resistance
 I - 3 potions of haste {unknown}
 P - a potion of invisibility {unknown}
Miscellaneous
 K - a lamp of fire
Comestibles
 d - 25 rations


   Skills:
 + Level 6.7 Fighting
 + Level 6.7 Short Blades
 + Level 6.7 Long Blades
 + Level 6.7 Axes
 + Level 6.7 Maces & Flails
 + Level 6.7 Polearms
 + Level 6.7(9.5) Staves
 + Level 6.7 Slings
 + Level 6.7 Bows
 + Level 6.7 Crossbows
 + Level 6.7 Throwing
 + Level 6.7 Armour
 + Level 8.2(10.9) Dodging
 + Level 8.0(10.7) Stealth
 + Level 6.7 Shields
 + Level 6.7 Unarmed Combat
 + Level 9.9 Spellcasting
 + Level 6.0(8.7) Conjurations
 + Level 5.6(8.3) Hexes
 + Level 5.6(8.3) Charms
 + Level 6.0(8.7) Summonings
 + Level 5.6(8.3) Necromancy
 + Level 6.0(8.7) Translocations
 + Level 5.6(8.3) Transmutations
 + Level 5.6(8.3) Fire Magic
 + Level 5.6(8.3) Ice Magic
 + Level 5.6(8.3) Air Magic
 + Level 5.6(8.3) Earth Magic
 + Level 5.6(8.3) Poison Magic
 + Level 7.4 Invocations
 + Level 6.7(10.8) Evocations


You had 6 spell levels left.
You knew the following spells:

 Your Spells              Type           Power        Failure   Level  Hunger
a - Magic Dart            Conj           ####         1%          1    None
b - Blink                 Tloc           N/A          1%          2    None
c - Call Imp              Summ           ######..     1%          2    None
d - Conjure Flame         Conj/Fire      ######..     1%          3    None
e - Mephitic Cloud        Conj/Pois/Air  ######..     1%          3    None
f - Force Lance           Conj/Tloc      ######..     1%          4    #......
g - Summon Lightning Spi  Summ/Air       ######..     1%          4    #......
h - Summon Ice Beast      Ice/Summ       ######..     1%          4    #......
i - Apportation           Tloc           ######       1%          1    None

Your spell library contained the following spells:

 Spells                   Type           Power        Failure   Level  Hunger
 Animate Skeleton         Necr           N/A          1%          1    None
 Beastly Appendage        Tmut           ######       1%          1    None
 Confusing Touch          Hex            ######       1%          1    None
 Corona                   Hex            ######.      1%          1    None
 Summon Small Mammal      Summ           ####         1%          1    None
 Searing Ray              Conj           ######       1%          2    None
 Slow                     Hex            ######..     1%          2    None
 Sticks to Snakes         Tmut           ######..     1%          2    None
 Call Canine Familiar     Summ           ######..     1%          3    None
 Dazzling Spray           Conj/Hex       ######       1%          3    None
 Inner Flame              Hex/Fire       ######..     1%          3    None
 Portal Projectile        Hex/Tloc       ######       1%          3    None
 Spider Form              Tmut/Pois      ######....   1%          3    None
 Summon Guardian Golem    Hex/Summ       ######..     1%          3    None
 Cause Fear               Hex            ######....   1%          4    #......
 Fulminant Prism          Conj/Hex       ######....   1%          4    #......
 Ice Form                 Ice/Tmut       ######..     1%          4    #......
 Iskenderun's Mystic Bla  Conj           ######..     1%          4    #......
 Leda's Liquefaction      Hex/Erth       ######....   1%          4    #......
 Blade Hands              Tmut           ######....   4%          5    ####...


Dungeon Overview and Level Annotations

Branches:
Dungeon (12/15)            Temple (1/1) D:6            Lair (3/6) D:9
  Swamp (0/4) Lair:3          Orc (0/2) D:11
  Snake: Lair:2-4    Spider: Lair:2-4

Altars:
Ashenzari
Cheibriados
Dithmenos
Elyvilon
Fedhas
Gozag
Hepliaklqana
Kikubaaqudgha
Makhleb
Nemelex Xobeh
Okawaru
Qazlal
Ru
Sif Muna
Trog
Uskayaw
Vehumet
Wu Jian
Xom
Yredelemnul
Zin
The Shining One

Shops:
D:9 (

Portals:
Trove: D:11 (give 7 scrolls of blinking)

Annotations:
D:1 Done
D:2 Done
D:3 Done
D:4 Done
D:5 Done
D:6 Done
D:7 Done
D:8 Done
D:9 1 runed door, cotteux's ghost, novice GrBe
D:10 Done
D:11 Done
D:12 3 runed doors
Lair:1 Done Volcano exclusion: obsidian statue


Innate Abilities, Weirdness & Mutations

Your experience applies equally to all skills.
You have very sharp teeth.
Your uncanny sense of smell can sniff out nearby items.


Message History

You closely miss the sun demon.
The sun demon is moderately wounded.
The obsidian statue's eyes glow briefly.
The obsidian statue attempts to bespell you!
You are unaffected.
The sun demon hits you!!
* * * LOW HITPOINT WARNING * * *
You are engulfed in flames.
You resist.
* * * LOW HITPOINT WARNING * * *
You hit the sun demon but do no damage.
The sun demon is moderately wounded.
The orc sorcerer drinks a potion.
The orc sorcerer suddenly seems more resistant.
Casting: Summon Ice Beast (safe; 1% risk of failure)
Confirm with . or Enter, or press ? or * to list all spells.
You don't have enough magic to cast that spell.
You barely miss the sun demon.
You bite the sun demon, but do no damage.
The sun demon is moderately wounded.
The sun demon hits you!!
You die...

#8.8##..... *
##.## ,...., #.# *
... * ########'# *
* ##........# ####
#..##########8o)##
#.##≈#§#§#≈#u.{.$#
#.##≈#§#§#≈#3#{{ *
#..#≈#≈#≈#≈#@# ,
#8#§........##∆∆∆*
###§#≈#≈#≈#≈# ∆ ∆*
#≈#§#§#§#≈# ∆∆∆*
#≈#§#§#§#≈#* ∩*
###########*


You could see an obsidian statue, a red ugly thing, a sun demon and an orc
sorcerer.

Vanquished Creatures
  Sonja (Lair:2)
  A skeletal warrior (D:10)
  An unseen horror (D:12)
  Pikel (D:3)
  A black mamba (Lair:1)
  4 spiny frogs
  A slime creature (D:12)
  Grinder (D:5)
  3 hippogriffs
  A redback (Lair:3)
  5 yaks
  3 wyverns
  A redback (shapeshifter) (D:10)
  A fire bat (Volcano)
  A basilisk (D:9)
  A hungry ghost (D:12)
  3 water moccasins
  A hornet zombie (D:6)
  An orc warrior (D:11)
  3 phantoms
  A black bear (D:6)
  5 ice beasts
  4 ogres
  2 centaurs
  2 big kobolds
  3 crocodiles
  6 bullfrogs
  5 scorpions
  7 wights
  A bullfrog zombie (D:8)
  6 crimson imps
  A lava snake (Volcano)
  6 hounds
  Crazy Yiuf (D:2)
  6 centaur skeletons
  4 orc priests
  5 jellies
  3 iguanas
  9 orc wizards
  Natasha (thrice) (D:1)
  9 worker ants
  A hound zombie (D:7)
  A hound skeleton (D:10)
  A howler monkey zombie (D:11)
  10 gnolls
  5 river rats
  11 adders
  2 shadow imps
  3 oozes
  An adder zombie (D:9)
  4 adder skeletons
  7 worms
  3 dart slugs
  4 leopard geckos
  27 orcs
  4 ball pythons
  7 bats
  6 giant cockroaches
  6 goblins
  5 hobgoblins
  8 jackals
  15 kobolds
  5 quokkas
  4 frilled lizards
  A giant cockroach zombie (D:6)
  A quokka zombie (D:9)
  9 rats
  A plant (Lair:1)
276 creatures vanquished.

Vanquished Creatures (collateral kills)
  Joseph (D:10)
  A black mamba (Lair:2)
  A komodo dragon (Lair:1)
  2 slime creatures (D:12)
  A hippogriff (D:10)
  Sigmund (D:6)
  A wyvern (D:11)
  2 basilisks (Lair:1)
  4 fire bats (Volcano)
  6 yaks
  A steam dragon (D:9)
  An acid dragon (D:9)
  A hell hound (Volcano)
  An orc warrior (D:11)
  4 wolves (Lair:1)
  3 wights
  3 lava snakes (Volcano)
  2 orc wizards (D:11)
  4 orcs (D:11)
40 creatures vanquished.

Vanquished Creatures (others)
  A human (D:5)
  A wight (D:9)
  A hound (D:9)
  An adder (D:4)
  An orc (D:4)
  A fungus (Lair:1)
  5 plants
11 creatures vanquished.

Grand Total: 327 creatures vanquished

Notes
Turn   | Place    | Note
-------+----------+-------------------------------------------
     0 | D:1      | Malhgor the Gnoll Wizard began the quest for the Orb.
     0 | D:1      | Reached XP level 1. HP: 13/13 MP: 8/8
   108 | D:2      | Reached XP level 2. HP: 19/19 MP: 5/10
   151 | D:2      | Noticed Natasha
   158 | D:2      | Noticed a crimson imp
   169 | D:1      | Killed Natasha
   169 | D:1      | Reached XP level 3. HP: 9/25 MP: 1/11
   173 | D:1      | Learned a level 2 spell: Blink
   176 | D:1      | Learned a level 2 spell: Call Imp
   307 | D:1      | Reached skill level 1 in Invocations
   351 | D:1      | Noticed Natasha
   360 | D:1      | Killed Natasha
   360 | D:1      | Reached skill level 1 in Fighting
   360 | D:1      | Reached skill level 1 in Short Blades
   360 | D:1      | Reached skill level 1 in Long Blades
   360 | D:1      | Reached skill level 1 in Axes
   360 | D:1      | Reached skill level 1 in Maces & Flails
   360 | D:1      | Reached skill level 1 in Polearms
   360 | D:1      | Reached skill level 1 in Staves
   360 | D:1      | Reached skill level 1 in Slings
   360 | D:1      | Reached skill level 1 in Bows
   360 | D:1      | Reached skill level 1 in Crossbows
   360 | D:1      | Reached skill level 1 in Throwing
   360 | D:1      | Reached skill level 1 in Armour
   360 | D:1      | Reached skill level 1 in Shields
   360 | D:1      | Reached skill level 1 in Unarmed Combat
   360 | D:1      | Reached skill level 1 in Evocations
   360 | D:1      | Reached XP level 4. HP: 18/32 MP: 1/13
   360 | D:1      | Noticed Natasha
   470 | D:1      | Killed Natasha
   891 | D:2      | Reached skill level 1 in Hexes
   891 | D:2      | Reached skill level 1 in Charms
   891 | D:2      | Reached skill level 1 in Necromancy
   891 | D:2      | Reached skill level 1 in Transmutations
   891 | D:2      | Reached skill level 1 in Fire Magic
   891 | D:2      | Reached skill level 1 in Ice Magic
   891 | D:2      | Reached skill level 1 in Air Magic
   891 | D:2      | Reached skill level 1 in Earth Magic
   891 | D:2      | Reached skill level 1 in Poison Magic
  1124 | D:2      | Reached XP level 5. HP: 37/37 MP: 7/14
  1430 | D:2      | Learned a level 3 spell: Conjure Flame
  1434 | D:2      | Learned a level 3 spell: Mephitic Cloud
  1494 | D:2      | Found a glowing silver altar of Zin.
  1612 | D:2      | Found a runed door.
  1690 | D:2      | Found a snail-covered altar of Cheibriados.
  2027 | D:2      | Noticed Crazy Yiuf
  2163 | D:2      | Killed Crazy Yiuf
  2681 | D:4      | Reached XP level 6. HP: 39/44 MP: 6/16
  2820 | D:3      | Found a shimmering altar of Xom.
  3306 | D:3      | Found a shattered altar of Ashenzari.
  3311 | D:3      | Became a worshipper of Ashenzari the Shackled
  3524 | D:4      | Noticed a slave
  3525 | D:4      | Noticed a slave
  3525 | D:4      | Noticed a slave
  3526 | D:4      | Noticed Pikel
  3580 | D:4      | Reached skill level 5 in Dodging
  3686 | D:3      | Killed Pikel
  3686 | D:3      | Reached skill level 5 in Stealth
  3686 | D:3      | Reached XP level 7. HP: 31/51 MP: 6/18
  3938 | D:4      | Reached XP level 8. HP: 50/57 MP: 2/19
  4094 | D:4      | Found an iron altar of Okawaru.
  4439 | D:5      | Entered Level 5 of the Dungeon
  4693 | D:5      | Found a glowing drain.
  4732 | Sewer    | Entered a sewer
  5046 | Sewer    | Found a white marble altar of Elyvilon.
  5298 | D:5      | Noticed Grinder
  5346 | D:6      | Noticed Sigmund
  5359 | D:6      | Learned a level 4 spell: Force Lance
  5384 | D:6      | Killed Sigmund
  5544 | D:5      | Killed Grinder
  5544 | D:5      | Reached skill level 8 in Spellcasting
  5695 | D:5      | Reached * piety under Ashenzari
  5791 | D:5      | Reached XP level 9. HP: 38/65 MP: 0/21
  6452 | D:5      | Found an ancient bone altar of Kikubaaqudgha.
  6673 | D:6      | Found a staircase to the Ecumenical Temple.
  7042 | D:6      | Found a sparkling altar of Nemelex Xobeh.
  7562 | Temple   | Entered the Ecumenical Temple
  7656 | Temple   | Reached ** piety under Ashenzari
  8869 | D:7      | Reached skill level 5 in Invocations
  9134 | D:8      | Learned a level 4 spell: Summon Lightning Spire
  9543 | D:8      | Reached XP level 10. HP: 73/73 MP: 17/22
 10073 | D:9      | Reached *** piety under Ashenzari
 10073 | D:9      | Found a runed door.
 10073 | D:9      | Noticed cotteux's ghost (novice GrBe)
 10350 | D:9      | Found a hazy altar of Hepliaklqana.
 10353 | D:9      | Found a radiant altar of Vehumet.
 10399 | D:9      | Found Qaywa's Weapon Shoppe.
 10561 | D:9      | Reached skill level 5 in Fighting
 10561 | D:9      | Reached skill level 5 in Short Blades
 10561 | D:9      | Reached skill level 5 in Long Blades
 10561 | D:9      | Reached skill level 5 in Axes
 10561 | D:9      | Reached skill level 5 in Maces & Flails
 10561 | D:9      | Reached skill level 5 in Polearms
 10561 | D:9      | Reached skill level 5 in Staves
 10561 | D:9      | Reached skill level 5 in Slings
 10561 | D:9      | Reached skill level 5 in Bows
 10561 | D:9      | Reached skill level 5 in Crossbows
 10561 | D:9      | Reached skill level 5 in Throwing
 10561 | D:9      | Reached skill level 5 in Armour
 10561 | D:9      | Reached skill level 5 in Shields
 10561 | D:9      | Reached skill level 5 in Unarmed Combat
 10561 | D:9      | Reached skill level 5 in Evocations
 11184 | D:10     | Entered Level 10 of the Dungeon
 11518 | D:9      | Reached skill level 9 in Spellcasting
 11909 | D:9      | Found a staircase to the Lair.
 12196 | D:10     | Reached skill level 5 in Conjurations
 12196 | D:10     | Reached skill level 5 in Summonings
 12196 | D:10     | Reached skill level 5 in Translocations
 12691 | D:10     | Noticed a guardian serpent
 12745 | D:10     | Noticed a salamander
 12751 | D:10     | Noticed a harpy
 13023 | D:10     | Reached **** piety under Ashenzari
 13060 | D:10     | Noticed Joseph
 13335 | D:9      | Learned a level 4 spell: Summon Ice Beast
 13417 | D:10     | Killed Joseph
 13895 | D:10     | Found an ancient bone altar of Kikubaaqudgha.
 14020 | D:10     | Noticed a skeletal warrior
 14020 | D:10     | Noticed a skeletal warrior
 14020 | D:10     | Noticed a skeletal warrior
 14222 | D:10     | Killed a skeletal warrior
 14222 | D:10     | Reached XP level 11. HP: 70/81 MP: 2/24
 14483 | D:11     | Found a staircase to the Orcish Mines.
 14809 | D:11     | Found a portal to a secret trove of treasure.
 15775 | D:12     | Noticed an unseen horror
 15799 | D:12     | Reached skill level 5 in Hexes
 15799 | D:12     | Reached skill level 5 in Charms
 15799 | D:12     | Reached skill level 5 in Necromancy
 15799 | D:12     | Reached skill level 5 in Transmutations
 15799 | D:12     | Reached skill level 5 in Fire Magic
 15799 | D:12     | Reached skill level 5 in Ice Magic
 15799 | D:12     | Reached skill level 5 in Air Magic
 15799 | D:12     | Reached skill level 5 in Earth Magic
 15799 | D:12     | Reached skill level 5 in Poison Magic
 15802 | D:12     | Killed an unseen horror
 15935 | D:12     | Found a runed gate.
 15937 | D:12     | Found a runed gate.
 15938 | D:12     | Found a runed gate.
 15938 | D:12     | Noticed a purple ugly thing
 15938 | D:12     | Noticed a glowing orange brain
 15938 | D:12     | Noticed a red ugly thing
 15943 | D:12     | Noticed a brown ugly thing
 16052 | D:12     | Identified a scroll of acquirement
 16288 | Lair:1   | Entered Level 1 of the Lair of Beasts
 16764 | Lair:1   | Reached ***** piety under Ashenzari
 17774 | Lair:2   | Noticed Sonja
 17781 | Lair:2   | Killed Sonja
 18253 | Lair:3   | Found a dark tunnel.
 18257 | Lair:3   | Learned a level 1 spell: Apportation
 18269 | Volcano  | Entered a volcano
 18315 | Volcano  | Reached XP level 12. HP: 81/89 MP: 9/25
 18382 | Volcano  | Noticed a sun demon
 18384 | Volcano  | Identified the cursed +0 scythe "Afueqump" {freeze, Dex+3}
 18388 | Volcano  | Mangled by a sun demon

Skill      XL: |  1  2  3  4  5  6  7  8  9 10 11 |
---------------+----------------------------------+-----
Conjurations   | 2 3 4 5 6 |  6.0
Summonings     | 2 3 4 5 6 |  6.0
Translocations | 2 3 4 5 6 |  6.0
Invocations    | 1 2 3 4 5 6 7 |  7.4
Fighting       | 1 2 3 4 5 6 |  6.7
Short Blades   | 1 2 3 4 5 6 |  6.7
Long Blades    | 1 2 3 4 5 6 |  6.7
Axes           | 1 2 3 4 5 6 |  6.7
Maces & Flails | 1 2 3 4 5 6 |  6.7
Polearms       | 1 2 3 4 5 6 |  6.7
Staves         | 1 2 3 4 5 6 |  6.7
Slings         | 1 2 3 4 5 6 |  6.7
Bows           | 1 2 3 4 5 6 |  6.7
Crossbows      | 1 2 3 4 5 6 |  6.7
Throwing       | 1 2 3 4 5 6 |  6.7
Armour         | 1 2 3 4 5 6 |  6.7
Shields        | 1 2 3 4 5 6 |  6.7
Unarmed Combat | 1 2 3 4 5 6 |  6.7
Evocations     | 1 2 3 4 5 6 |  6.7
Hexes          | 1 2 3 4 5 |  5.6
Charms         | 1 2 3 4 5 |  5.6
Necromancy     | 1 2 3 4 5 |  5.6
Transmutations | 1 2 3 4 5 |  5.6
Fire Magic     | 1 2 3 4 5 |  5.6
Ice Magic      | 1 2 3 4 5 |  5.6
Air Magic      | 1 2 3 4 5 |  5.6
Earth Magic    | 1 2 3 4 5 |  5.6
Poison Magic   | 1 2 3 4 5 |  5.6
Dodging        | 5 6 7 8 |  8.2
Stealth        | 5 6 7 8 |  8.0
Spellcasting   | 8 9 |  9.9

Action                   |  1- 3 |  4- 6 |  7- 9 | 10-12 || total
-------------------------+-------+-------+-------+-------++-------
Melee: Hand axe          |       |    13 |       |       ||    13
       Bite              |       |     1 |     7 |    10 ||    18
       Staff             |       |       |    69 |   130 ||   199
       Whip              |       |       |     5 |       ||     5
       Punch             |       |       |     1 |       ||     1
 Cast: Magic Dart        |    34 |   206 |   391 |   620 ||  1251
       Call Imp          |     1 |     4 |     2 |     8 ||    15
       Conjure Flame     |       |     2 |     1 |     3 ||     6
       Blink             |       |     2 |       |       ||     2
       Mephitic Cloud    |       |     1 |     2 |       ||     3
       Force Lance       |       |       |    17 |    17 ||    34
       Summon Lightning  |       |       |       |    25 ||    25
       Summon Ice Beast  |       |       |       |    19 ||    19
Invok: Curse Item        |       |       |     5 |       ||     5
Evoke: Wand              |       |       |       |     2 ||     2
  Use: Scroll            |       |       |     1 |    12 ||    13
 Stab: Distracted        |       |       |       |     1 ||     1
  Eat: Chunk             |       |     8 |    19 |    21 ||    48
       Ration            |       |       |       |     3 ||     3
Armor: Robe              |     2 |     7 |    42 |    30 ||    81
Dodge: Dodged            |     5 |    64 |   181 |   187 ||   437
Block: Buckler           |       |       |     2 |    60 ||    62
